[ AOE2 MATCH · #496908978 ]
UnrankedJurchens vs Mongols
Player's team · LOSS
Rival team · WIN
[ REPLAY ANALYSIS · EXTRACTED FROM THE RECORDED GAME ]
Feudal
10:06
Castle
14:34
Imperial
—
| APM avg | 54.7 |
| APM peak | 101 |
| eAPM avg | 27.6 |
| Villagers / military | 88 / 29 |
Focus
⚔️ 25.1% · 🌾 74.9%
Fire Lancer ×19 · Scorpion ×5 · Battering Ram ×3 · Spearman ×1 · Iron Pagoda ×1
Feudal
8:25
Castle
17:14
Imperial
—
| APM avg | 60.8 |
| APM peak | 96 |
| eAPM avg | 20.7 |
| Villagers / military | 47 / 19 |
Focus
⚔️ 39.8% · 🌾 60.2%
Mangudai ×18 · Scout Cavalry ×1
Match map
Initial resources + every placement click. Lines = walls · curves = elevation contours. ◆ gold · ⬟ stone · ● berries · ✦ relic · ◌ wall gap
Your base· Open — 5t gap
KASVA's base· Open — unwalled flank
Smoothed initial terrain · ◌ = detected wall gap · hover for details
Inputs per minute
— Thành Cổ Quảng Trị - - KASVA
Build order — Thành Cổ Quảng Trị
First 150 of 179 actions detected
| 0:00 | Queue | Villager (Male) |
| 0:01 | Build | House |
| 0:02 | Build | House |
| 0:03 | Queue | Villager (Male) |
| 0:07 | Queue | Villager (Male) |
| 0:07 | Queue | Villager (Male) |
| 0:07 | Queue | Villager (Male) |
| 1:26 | Queue | Villager (Male) |
| 1:26 | Queue | Villager (Male) |
| 1:38 | Queue | Villager (Male) |
| 1:38 | Queue | Villager (Male) |
| 1:53 | Build | Lumber Camp |
| 2:08 | Queue | Villager (Male) |
| 2:08 | Queue | Villager (Male) |
| 2:23 | Queue | Villager (Male) |
| 2:24 | Queue | Villager (Male) |
| 3:09 | Queue | Villager (Male) |
| 3:09 | Queue | Villager (Male) |
| 3:33 | Queue | Villager (Male) |
| 4:00 | Build | House |
| 4:03 | Queue | Villager (Male) |
| 4:03 | Queue | Villager (Male) |
| 4:03 | Queue | Villager (Male) |
| 4:16 | Queue | Villager (Male) |
| 4:16 | Queue | Villager (Male) |
| 4:17 | Queue | Villager (Male) |
| 4:17 | Queue | Villager (Male) |
| 4:42 | Build | Mill |
| 5:02 | Queue | Villager (Male) |
| 5:02 | Queue | Villager (Male) |
| 5:25 | Queue | Villager (Male) |
| 5:25 | Queue | Villager (Male) |
| 5:25 | Queue | Villager (Male) |
| 5:57 | Build | House |
| 6:14 | Queue | Villager (Male) |
| 6:57 | Build | Barracks |
| 7:03 | Queue | Villager (Male) |
| 7:05 | Research | Loom |
| 7:41 | Research | Feudal Age |
| 7:41 | Research | Feudal Age |
| 7:41 | Research | Feudal Age |
| 7:59 | Build | Mining Camp |
| 8:32 | Queue | Villager (Male) |
| 8:58 | Build | Palisade Wall |
| 9:00 | Build | Palisade Wall |
| 9:05 | Build | Palisade Wall |
| 9:06 | Build | Palisade Wall |
| 9:11 | Build | Palisade Wall |
| 9:24 | Build | Palisade Wall |
| 9:25 | Build | Palisade Wall |
| 9:27 | Build | Palisade Wall |
| 9:39 | Build | Palisade Wall |
| 9:54 | Build | Palisade Wall |
| 9:59 | Build | Palisade Wall |
| 10:00 | Build | Palisade Wall |
| 10:06 | Age | Feudal Age |
| 10:13 | Build | Market |
| 10:17 | Queue | Villager (Male) |
| 10:47 | Queue | Villager (Male) |
| 10:57 | Build | Blacksmith |
| 11:03 | Build | Blacksmith |
| 11:19 | Queue | Villager (Male) |
| 11:27 | Build | Farm |
| 11:29 | Build | Farm |
| 11:46 | Build | Farm |
| 11:54 | Research | Castle Age |
| 12:02 | Queue | Spearman |
| 12:14 | Build | House |
| 12:27 | Build | Farm |
| 12:40 | Research | Double-Bit Axe |
| 12:40 | Research | Double-Bit Axe |
| 13:00 | Queue | Villager (Male) |
| 13:01 | Queue | Villager (Male) |
| 13:01 | Queue | Villager (Male) |
| 13:05 | Build | Palisade Wall |
| 14:11 | Research | Scale Mail Armor |
| 14:11 | Research | Scale Mail Armor |
| 14:15 | Build | Farm |
| 14:17 | Build | Farm |
| 14:34 | Age | Castle Age |
| 14:35 | Build | Siege Workshop |
| 14:40 | Queue | Villager (Male) |
| 14:45 | Queue | Fire Lancer |
| 14:46 | Queue | Fire Lancer |
| 14:50 | Queue | Villager (Male) |
| 14:58 | Queue | Villager (Male) |
| 14:58 | Queue | Villager (Male) |
| 14:58 | Queue | Villager (Male) |
| 15:07 | Queue | Battering Ram |
| 15:10 | Build | House |
| 15:18 | Queue | Villager (Male) |
| 15:18 | Queue | Villager (Male) |
| 15:18 | Queue | Villager (Male) |
| 15:23 | Build | House |
| 15:34 | Build | House |
| 15:41 | Queue | Fire Lancer |
| 15:42 | Queue | Villager (Male) |
| 15:42 | Queue | Villager (Male) |
| 15:56 | Queue | Battering Ram |
| 15:57 | Queue | Battering Ram |
| 16:03 | Queue | Fire Lancer |
| 16:28 | Build | Farm |
| 16:48 | Queue | Scorpion |
| 16:51 | Queue | Iron Pagoda |
| 16:56 | Queue | Villager (Male) |
| 17:10 | Queue | Villager (Male) |
| 17:11 | Build | Farm |
| 17:13 | Build | House |
| 17:20 | Queue | Fire Lancer |
| 17:20 | Queue | Fire Lancer |
| 17:21 | Queue | Fire Lancer |
| 17:38 | Queue | Fire Lancer |
| 17:47 | Queue | Fire Lancer |
| 17:47 | Queue | Villager (Male) |
| 17:48 | Queue | Villager (Male) |
| 18:04 | Queue | Villager (Male) |
| 18:04 | Queue | Villager (Male) |
| 18:04 | Queue | Villager (Male) |
| 18:24 | Build | Lumber Camp |
| 18:39 | Queue | Scorpion |
| 18:39 | Queue | Scorpion |
| 18:39 | Queue | Scorpion |
| 18:39 | Queue | Scorpion |
| 18:41 | Queue | Villager (Male) |
| 18:41 | Queue | Villager (Male) |
| 18:41 | Queue | Villager (Male) |
| 18:41 | Queue | Villager (Male) |
| 19:18 | Research | Squires |
| 19:19 | Queue | Villager (Male) |
| 19:19 | Queue | Villager (Male) |
| 19:19 | Queue | Villager (Male) |
| 19:44 | Queue | Fire Lancer |
| 19:45 | Queue | Fire Lancer |
| 19:45 | Queue | Villager (Male) |
| 19:46 | Queue | Villager (Male) |
| 19:46 | Queue | Villager (Male) |
| 19:46 | Queue | Villager (Male) |
| 19:57 | Build | Farm |
| 19:57 | Build | Farm |
| 20:25 | Queue | Villager (Male) |
| 20:25 | Queue | Villager (Male) |
| 20:25 | Queue | Villager (Male) |
| 20:30 | Build | House |
| 20:42 | Build | Town Center |
| 21:01 | Build | Farm |
| 21:02 | Build | House |
| 21:19 | Queue | Villager (Male) |
| 21:19 | Queue | Villager (Male) |
| 21:37 | Build | Farm |
| 21:37 | Build | Farm |
Build order — KASVA
129 actions detected in the replay
| 0:00 | Queue | Villager (Male) |
| 0:00 | Queue | Villager (Male) |
| 0:01 | Queue | Villager (Male) |
| 0:01 | Queue | Villager (Male) |
| 0:02 | Build | House |
| 0:04 | Build | House |
| 1:32 | Queue | Villager (Male) |
| 1:32 | Queue | Villager (Male) |
| 1:57 | Queue | Villager (Male) |
| 2:07 | Queue | Villager (Male) |
| 2:16 | Queue | Villager (Male) |
| 2:47 | Queue | Villager (Male) |
| 3:04 | Build | Lumber Camp |
| 3:21 | Queue | Villager (Male) |
| 3:21 | Queue | Villager (Male) |
| 3:21 | Queue | Villager (Male) |
| 3:46 | Queue | Villager (Male) |
| 3:57 | Build | House |
| 4:55 | Queue | Villager (Male) |
| 5:15 | Queue | Villager (Male) |
| 5:37 | Build | Mill |
| 5:47 | Research | Loom |
| 6:13 | Research | Feudal Age |
| 6:50 | Build | Barracks |
| 8:01 | Build | House |
| 8:14 | Queue | Villager (Male) |
| 8:16 | Build | House |
| 8:25 | Age | Feudal Age |
| 8:36 | Research | Double-Bit Axe |
| 8:40 | Queue | Villager (Male) |
| 8:47 | Build | Stable |
| 9:04 | Queue | Villager (Male) |
| 9:14 | Build | Farm |
| 9:17 | Research | Horse Collar |
| 9:30 | Queue | Villager (Male) |
| 9:31 | Build | House |
| 9:32 | Build | Palisade Wall |
| 9:33 | Build | Palisade Wall |
| 9:37 | Queue | Scout Cavalry |
| 9:39 | Queue | Villager (Male) |
| 9:46 | Build | Farm |
| 9:53 | Build | Palisade Wall |
| 9:54 | Build | Palisade Wall |
| 9:59 | Queue | Villager (Male) |
| 10:34 | Queue | Villager (Male) |
| 10:46 | Build | Farm |
| 10:47 | Build | Farm |
| 10:51 | Build | Farm |
| 11:05 | Queue | Villager (Male) |
| 11:08 | Build | Farm |
| 11:29 | Build | Farm |
| 11:36 | Queue | Villager (Male) |
| 12:04 | Queue | Villager (Male) |
| 12:13 | Build | Mining Camp |
| 12:25 | Queue | Villager (Male) |
| 12:34 | Build | Mining Camp |
| 12:46 | Build | Palisade Wall |
| 12:50 | Queue | Villager (Male) |
| 13:05 | Build | Blacksmith |
| 13:07 | Build | Palisade Wall |
| 13:17 | Queue | Villager (Male) |
| 13:33 | Build | House |
| 13:48 | Queue | Villager (Male) |
| 14:34 | Research | Castle Age |
| 14:37 | Build | House |
| 14:57 | Build | Palisade Gate |
| 15:02 | Build | House |
| 15:07 | Build | Palisade Gate |
| 15:19 | Build | Palisade Gate |
| 15:44 | Build | Lumber Camp |
| 16:05 | Research | Fletching |
| 16:30 | Build | Market |
| 17:14 | Age | Castle Age |
| 17:16 | Build | Castle |
| 17:20 | Queue | Villager (Male) |
| 17:30 | Queue | Villager (Male) |
| 17:32 | Research | Bodkin Arrow |
| 17:32 | Research | Bodkin Arrow |
| 18:05 | Queue | Mangudai |
| 18:06 | Queue | Mangudai |
| 18:06 | Queue | Mangudai |
| 18:08 | Queue | Villager (Male) |
| 18:20 | Build | Farm |
| 18:22 | Build | Farm |
| 18:31 | Queue | Villager (Male) |
| 18:31 | Queue | Villager (Male) |
| 18:44 | Queue | Mangudai |
| 19:09 | Queue | Mangudai |
| 19:11 | Queue | Villager (Male) |
| 19:13 | Queue | Mangudai |
| 19:49 | Queue | Villager (Male) |
| 19:51 | Queue | Mangudai |
| 19:56 | Build | Monastery |
| 19:57 | Queue | Villager (Male) |
| 20:09 | Build | Mining Camp |
| 20:32 | Queue | Villager (Male) |
| 20:42 | Build | Farm |
| 20:43 | Build | Farm |
| 20:45 | Build | House |
| 20:48 | Build | House |
| 20:59 | Queue | Mangudai |
| 21:12 | Research | Town Watch |
| 21:15 | Build | House |
| 21:15 | Build | House |
| 21:24 | Build | House |
| 21:27 | Queue | Villager (Male) |
| 21:35 | Queue | Mangudai |
| 21:39 | Queue | Villager (Male) |
| 22:07 | Queue | Mangudai |
| 22:10 | Queue | Mangudai |
| 22:13 | Queue | Villager (Male) |
| 22:16 | Build | Palisade Wall |
| 22:17 | Build | Palisade Wall |
| 22:20 | Queue | Mangudai |
| 22:28 | Build | House |
| 22:31 | Build | Palisade Wall |
| 22:37 | Queue | Villager (Male) |
| 22:58 | Queue | Mangudai |
| 23:04 | Queue | Villager (Male) |
| 23:06 | Queue | Mangudai |
| 23:17 | Queue | Villager (Male) |
| 23:19 | Queue | Mangudai |
| 23:51 | Queue | Villager (Male) |
| 23:52 | Queue | Mangudai |
| 23:53 | Build | Farm |
| 23:54 | Queue | Mangudai |
| 24:03 | Build | Market |
| 24:19 | Queue | Villager (Male) |
| 24:22 | Queue | Mangudai |
Match timeline
| 6:50 | KASVA · first_building Barracks |
| 6:57 | Thành Cổ Quảng Trị · first_building Barracks |
| 8:25 | KASVA · age_up feudal |
| 8:47 | KASVA · first_building Stable |
| 8:58 | Thành Cổ Quảng Trị · wall_segment Palisade Wall x1 |
| 9:00 | Thành Cổ Quảng Trị · wall_segment Palisade Wall x1 |
| 9:05 | Thành Cổ Quảng Trị · wall_segment Palisade Wall x1 |
| 9:06 | Thành Cổ Quảng Trị · wall_segment Palisade Wall x1 |
| 9:11 | Thành Cổ Quảng Trị · wall_segment Palisade Wall x1 |
| 9:24 | Thành Cổ Quảng Trị · wall_segment Palisade Wall x1 |
| 9:25 | Thành Cổ Quảng Trị · wall_segment Palisade Wall x1 |
| 9:27 | Thành Cổ Quảng Trị · wall_segment Palisade Wall x1 |
| 9:32 | KASVA · wall_segment Palisade Wall x1 |
| 9:33 | KASVA · wall_segment Palisade Wall x1 |
| 9:39 | Thành Cổ Quảng Trị · wall_segment Palisade Wall x1 |
| 9:53 | KASVA · wall_segment Palisade Wall x5 |
| 9:54 | Thành Cổ Quảng Trị · wall_segment Palisade Wall x3 |
| 9:54 | KASVA · wall_segment Palisade Wall x10 |
| 9:59 | Thành Cổ Quảng Trị · wall_segment Palisade Wall x1 |
| 10:00 | Thành Cổ Quảng Trị · wall_segment Palisade Wall x1 |
| 10:06 | Thành Cổ Quảng Trị · age_up feudal |
| 11:53 | Thành Cổ Quảng Trị · first_market_buy 100 food |
| 11:53 | Thành Cổ Quảng Trị · first_market_sell 100 stone |
| 12:46 | KASVA · wall_segment Palisade Wall x8 |
| 13:05 | Thành Cổ Quảng Trị · wall_segment Palisade Wall x1 |
| 13:07 | KASVA · wall_segment Palisade Wall x1 |
| 14:34 | Thành Cổ Quảng Trị · age_up castle |
| 14:35 | Thành Cổ Quảng Trị · first_building Siege Workshop |
| 17:14 | KASVA · age_up castle |
| 17:16 | KASVA · first_building Castle |
| 19:56 | KASVA · first_building Monastery |
| 22:16 | KASVA · wall_segment Palisade Wall x1 |
| 22:17 | KASVA · wall_segment Palisade Wall x1 |
| 22:31 | KASVA · wall_segment Palisade Wall x4 |
| 24:28 | Thành Cổ Quảng Trị · resign |
[ AI ANALYSIS · 1 CREDIT ]
What really happened in this match?
Wolo.gg analyzes every decision: build order, eco, micro, common mistakes by bracket. Personalized analysis on WhatsApp or Discord in 30 seconds.
Civ guide
Jurchens
Perfil
Jugador #2660491